 Dungeon Sprint DCSS version 0.30-a0-272-gf98c3da03f (webtiles) character file.

Game seed: 3831930529578850996

74 rocky1 the Magician (level 4, -4/37 HPs)
             Began as a Djinni Fire Elementalist on Oct 16, 2022.
             Slain by a water elemental (18 damage)
             ... in the Dungeon (Sprint III: "The Ten Rune Challenge").
             The game lasted 00:01:14 (243 turns).

rocky1 the Magician (Djinni Fire Elementalist)       Turns: 243, Time: 00:01:14

Health: -4/37      AC:  3    Str:  7    XL:     4   Next: 54%
Gold:   23         EV: 13    Int: 19    God:
                   SH:  0    Dex: 13

rFire   + + .      SeeInvis .    h - +0 dagger
rCold   x . .      Faith    .    (no shield)
rNeg    . . .      Spirit   .    a - +0 robe
rPois   ∞          Reflect  .    (no helmet)
rElec   .          Harm     .    g - +0 cloak
rCorr   .          Rampage  .    (no gloves)
Will    .....      NoTele   +    (boots unavailable)
Stlth   ++........               (no amulet)
HPRegen 0.26/turn                (no ring)
MPRegen 0.00/turn                (no ring)

@: engulfed, flying
A: sickness immunity, fire resistance 2, cold vulnerability 1, float, innate
caster, HP casting, extra vitality 1
a: no special abilities


You were in the Dungeon.
You visited 1 branch You collected 23 gold pieces.

Inventory:

Hand Weapons
 h - a +0 dagger (weapon)
Armour
 a - a +0 robe (worn)
 g - a +0 cloak (worn)
Scrolls
 f - a scroll of blinking
 j - a scroll of poison {unknown}
 k - 2 scrolls of identify
 l - a scroll of immolation {unknown}
 m - a scroll of amnesia {unknown}
Potions
 b - a potion of curing
 c - a potion of heal wounds
 d - a potion of haste
 e - a potion of berserk rage
 i - 4 potions of mutation {unknown}
 n - a potion of invisibility {unknown}


   Skills:
 + Level 3.9 Fighting
 + Level 3.3 Dodging
 + Level 2.6 Stealth
 * Level 5.1 Spellcasting


You couldn't memorise any spells.
You knew the following spells:

 Your Spells              Type           Power      Damage    Failure   Level
a - Foxfire               Conj/Fire      96%        2x1d8     1%          1
b - Scorch                Fire           48%        2d7       2%          2
c - Kindle Blastsparks    Fire/Tloc/Air  48%        2d14      4%          3
d - Inner Flame           Hex/Fire       24%        N/A       4%          3
e - Flame Wave            Conj/Fire      24%        2d8       14%         4
f - Freeze                Ice            96%        1d10      1%          1
Your spell library was empty.

Dungeon Overview and Level Annotations

Branches:
Dungeon (1/1)

Altars:


Innate Abilities, Weirdness & Mutations

You are immune to sickness and miasma.
You are immune to poison.
Your flesh is very heat resistant. (rF++)
You are vulnerable to cold. (rC-)
You float through the air rather than walking.
You learn spells naturally, not from books.
Your magical power is your life essence.
You have superior vitality. (+4 MHP)


Message History

You feel clever.
Things that are here:
a +2 quarterstaff of chaos; a +0 cloak; the gnoll corpse of Crazy Yiuf
g - a +0 cloak You start putting on your armour.
You continue putting on your +0 cloak. x4
You finish putting on your +0 cloak.
Unknown command.
You reach down and open the door.
Found 23 gold pieces and 2 fizzy inky potions.
There is an open door here.
You now have 12 gold pieces.
i - a fizzy inky potion;
j - a scroll labelled LUSYTS MOIRUZ
k - 2 scrolls of identify;
i - 2 fizzy inky potions (gained 1)
You see here 2 potions of flight.
i - 3 fizzy inky potions (gained 1);
l - a scroll labelled ZUPYOWUNGE
m - a scroll labelled QIM FAF KIAF;
i - 4 fizzy inky potions (gained 1)
n - a white potion You now have 23 gold pieces (gained 11).
There is an open door here.
You start waiting.
Done waiting.
You reach down and open the door.
A water elemental comes into view.
Casting: Scorch (safe; 2% risk of failure)
Confirm with . or Enter, or press ? or * to list all spells.
Flames lash the water elemental.
The water elemental is burned terribly!
The water elemental is moderately damaged.
The water elemental's fire resistance burns away.
Casting: Scorch (safe; 2% risk of failure)
Confirm with . or Enter, or press ? or * to list all spells.
Flames lash the water elemental.
The water elemental is burned terribly!
The water elemental is heavily damaged.
The water elemental hits you!!
The water elemental engulfs you in water!
Casting: Scorch (safe; 2% risk of failure)
Confirm with . or Enter, or press ? or * to list all spells.
Flames lash the water elemental.
The water elemental is burned terribly!
The water elemental is almost destroyed.
The water elemental hits you!!
You die...

▓▓▓▓▓▓▓▓ ▓▓▓ <..#[..####
##.# ...#......#####..#
..##.......#.!#..#
##.##.##...#..#..# #+#+#
##.##.###..##'#..#......
#.####.##..###..@E.⌠....
.###..##).####...#...###
#.....##..###....# ⌠.#
###..##...##.....# .#
##..##....#.)....# #
#..###..##.#.....# #..#
#.. ####....# ▓▓▓▓ ▓▓▓
▓▓▓▓▓▓


You could see a water elemental (combustible).

Vanquished Creatures
  Crazy Yiuf (D)
  Jessica (D)
  A human (D)
  An endoplasm (D)
  2 rats (D)
6 creatures vanquished.

Vanquished Creatures (others)
  14 foxfires (D)
14 creatures vanquished.

Grand Total: 20 creatures vanquished

Notes
Turn   | Place    | Note
-------+----------+-------------------------------------------
     0 | D        | rocky1 the Djinni Fire Elementalist began the quest for the
                  | Orb.
     0 | D        | rocky1 set off with the following spells memorised:
                  | Foxfire, Scorch, Kindle Blastsparks, Inner Flame, Flame
                  | Wave.
     0 | D        | Reached XP level 1. HP: 15/15 MP: 0/0
    14 | D        | Reached skill level 1 in Fighting
    32 | D        | Reached skill level 3 in Spellcasting
    37 | D        | Noticed Jessica
    41 | D        | Killed Jessica
    42 | D        | Reached skill level 4 in Spellcasting
    42 | D        | Reached XP level 2. HP: 20/25 MP: 0/0
    42 | D        | Reached XP level 3. HP: 25/30 MP: 0/0
    42 | D        | Learned a level 1 spell: Freeze
   107 | D        | Noticed Crazy Yiuf
   110 | D        | Killed Crazy Yiuf
   111 | D        | Reached skill level 5 in Spellcasting
   111 | D        | Reached XP level 4. HP: 31/37 MP: 0/0
   240 | D        | Noticed a water elemental
   243 | D        | Slain by a water elemental

Illustrated notes

Levels and vault maps discovered:
D:        dungeon_sprint_mu [sprint_mu_entry_cave, sprint_mu_temple_rooms,
          sprint_mu_d1_spiders, sprint_mu_d2_genie, sprint_mu_d3_branching,
          sprint_mu_orc_legion, sprint_mu_elf_gauntlet, sprint_mu_hive_nellie,
          sprint_mu_lair_fedhas, sprint_mu_vaults_butterflies,
          sprint_mu_slime_circle, sprint_mu_shoals_archi,
          sprint_mu_snake_twists, sprint_mu_blade_basic,
          sprint_mu_crypt_chambers, sprint_mu_tomb_spiral,
          sprint_mu_vestibule_basic, sprint_mu_gehenna_hellfire,
          sprint_mu_dis_giant, sprint_mu_tartarus_statrot,
          sprint_mu_cocytus_islands, sprint_mu_zot1]

Skill      XL: |  1  2  3 |
---------------+----------+-----
Fighting       | 3 |  3.9
Spellcasting   | 4 5 |  5.1
Stealth        | 2 |  2.6
Dodging        | 3 |  3.3

Action                   |  1- 3 |  4- 6 || total
-------------------------+-------+-------++-------
 Cast: Foxfire           |     9 |       ||     9
       Scorch            |     6 |     3 ||     9
Dodge: Dodged            |     1 |       ||     1

Table legend: (Time is in decaauts)
 A = Elapsed time spent in this place.
 B = Non-inter-level travel time spent in this place.
 C = Inter-level travel time spent in this place.
 D = Time resting spent in this place.
 E = Time spent auto-exploring this place.
 F = Levels seen in this place.
 G = Mean time per level.
                   A        B        C        D        E       F      G
               +--------+--------+--------+--------+--------+-----+--------+
         Total |    242 |    242 |      0 |    138 |      0 |   1 |  242.0 |
       Dungeon |    242 |    242 |      0 |    138 |      0 |   1 |  242.0 |
               +--------+--------+--------+--------+--------+-----+--------+

Top non-repeatable levels by time:
       D: 242 daAuts
